AoeStats
← Gkelia

Arabia

503263288Analyzed
2v2 RM · 2mo ago on Aug 30, 2026· 55m 29s· 4 players
Game mode
Random Map
Map size
Medium (4 player)
Population
200
Speed
Normal
Resources
Standard
Victory
Conquest
Starting age
Dark Age
Ending age
Imperial Age
RankedLock teamsTeams togetherTeam positionsShared explorationLock speedFull tech treeHidden civsTurbo modeCheats
Victory
Defeat
🇱🇧 Byzantines · Lebanon
1036
+15
🇱🇧 Burmese · Lebanon
991
+17
vs
🇬🇷 Tatars · Greece
1028
-17
988
-15
ΝΑΥ/ΧΟΣ ΛΥΜΠΕΡΗΣ
9:34 Loom
11:19 Feudal Age
12:14 Double-Bit Axe
15:16 Horse Collar
17:02 Gold Mining
19:58 Castle Age
19:12 Stone Mining
20:43 Fletching
20:54 Padded Archer Armor
20:59 Heavy Plow
21:21 Bow Saw
24:38 Stone Shaft Mining
25:29 Pikeman
26:20 Squires
33:51 Arson
34:19 Eagle Warrior
35:16 Thumb Ring
39:51 Wheelbarrow
41:47 Imperial Age
39:03 Town Watch
39:59 Town Patrol
40:15 Hul'che Javelineers
41:52 Halberdier
42:33 Capped Ram
45:31 Chemistry
44:12 Treadmill Crane
44:43 Masonry
44:56 Ballistics
45:59 Hand Cart
51:16 Two-Man Saw
50:56 Crop Rotation
51:01 Conscription
51:21 Eagle Warrior
52:18 Siege Ram
53:39 Scale Mail Armor
53:50 Forging
53:39 Bodkin Arrow
54:00 Leather Archer Armor
54:50 Architecture
54:17 Murder Holes
54:25 Elite Plumed Archer
Gkelia
6:29 Loom
9:17 Feudal Age
9:53 Double-Bit Axe
10:37 Man-at-Arms
17:07 Scale Mail Armor
17:44 Arson
18:57 Forging
19:59 Horse Collar
24:41 Castle Age
24:45 Pikeman
25:25 Squires
28:25 Bow Saw
30:16 Heavy Plow
32:48 Long Swordsman
36:28 Fletching
41:03 Iron Casting
41:34 Wheelbarrow
40:45 Town Watch
43:07 Bodkin Arrow
46:18 Imperial Age
45:22 Hand Cart
45:26 Gold Mining
46:47 Gold Shaft Mining
48:02 Blast Furnace
46:39 Halberdier
47:09 Two-Handed Swordsman
48:35 Crop Rotation
47:56 Stone Mining
49:06 Bracer
50:03 Padded Archer Armor
50:57 Fervor
51:11 Block Printing
51:22 Illumination
51:33 Town Patrol
51:20 Treadmill Crane
51:51 Masonry
52:48 Chemistry
52:15 Capped Ram
53:33 Leather Archer Armor
53:23 Scale Barding Armor
53:56 Siege Ram
La pomme1
11:16 Feudal Age
9:33 Loom
19:49 Castle Age
18:32 Forging
18:20 Double-Bit Axe
18:27 Horse Collar
21:18 Husbandry
28:07 Heavy Plow
30:02 Bow Saw
35:35 Imperial Age
33:43 Wheelbarrow
34:14 Gold Mining
35:59 Scale Barding Armor
36:30 Iron Casting
36:39 Hand Cart
37:03 Gold Shaft Mining
37:38 Chain Barding Armor
38:59 Chemistry
39:09 Crop Rotation
39:35 Elite Cataphract
41:46 Plate Barding Armor
41:36 Conscription
42:57 Logistica
46:17 Fletching
46:27 Padded Archer Armor
47:19 Ballistics
46:58 Murder Holes
46:27 Elite Skirmisher
50:30 Bodkin Arrow
50:50 Leather Archer Armor
51:08 Thumb Ring
Stivigi
8:06 Loom
10:36 Feudal Age
11:20 Horse Collar
25:39 Castle Age
48:34 Elite Skirmisher
49:05 Fletching
50:08 Gold Mining
50:18 Bodkin Arrow
51:46 Gold Shaft Mining
51:24 Padded Archer Armor
52:38 Wheelbarrow
51:52 Town Watch
Connection lost

Rejoining the realm…

Still unreachable

The connection could not be restored.

Session expired

The server has moved on; the page needs a fresh start.